 Dungeon Crawl Stone Soup version 0.17.0-28-g6e173f8 (console) character file.

185 Kloppie the Insei (level 5, 0/33 HPs)
             Began as an Octopode Transmuter on Nov 29, 2015.
             Killed from afar by an orc wizard (13 damage)
             ... with a puff of flame
             ... on level 4 of the Dungeon.
             The game lasted 00:05:56 (3959 turns).

Kloppie the Insei (Octopode Transmuter)             Turns: 3959, Time: 00:05:56

Health: 0/33       AC:  1    Str: 10    XL:     5   Next: 64%
Magic:  8/8        EV: 12    Int: 15    God:
Gold:   231        SH:  0    Dex: 13    Spells: 3 memorised, 0 levels left

rFire  . . .     SeeInvis .       - Unarmed
rCold  . . .     Clarity  .     (no shield)
rNeg   . . .     SustAt   .     (helmet restricted)
rPois  .         Gourm    .     (no amulet)
rElec  .         Spirit   .     w - ring of invisibility
rCorr  .         Warding  .     (no ring)
rMut   .         Stasis   .     (no ring)
MR     .....                    (no ring)
Stlth  ++........               (no ring)
                                (no ring)
                                (no ring)
                                (no ring)

@: appendage (expiring), not resistant to hostile enchantments, unstealthy
A: almost no armour, amphibious, 8 rings, constrict 8, tentacle spike 3,
camouflage 1, gelatinous body 1
a: End Transformation, Evoke Invisibility


You were on level 4 of the Dungeon.
You were hungry.
One of your tentacles had a temporary spike.
You visited 1 branch of the dungeon, and saw 4 of its levels.

You collected 231 gold pieces.

Inventory:

Missiles
 a - 81 arrows
Jewellery
 w - a ring of invisibility (left tentacle)
Scrolls
 f - 2 scrolls of remove curse
 g - 2 scrolls of enchant weapon
 m - a scroll of identify
 p - a scroll of recharging {unknown}
Potions
 d - a potion of curing
 e - a potion of lignification
 h - 2 potions of resistance {unknown}
 i - 2 potions of cancellation {unknown}
 j - 3 potions of might {unknown}
 k - a potion of degeneration {unknown}
 o - 2 potions of haste {unknown}
 q - 2 potions of agility {unknown}
 r - a potion of poison {unknown}
 s - a potion of brilliance {unknown}
Books
 b - a book of Changes

   Spells                             Type                      Level
   a - Beastly Appendage              Transmutation                1
   b - Sticks to Snakes               Transmutation                2
   c - Spider Form                    Transmutation/Poison         3
   d - Ice Form                       Ice/Transmutation            4
   e - Blade Hands                    Transmutation                5
Comestibles
 c - 3 bread rations
 l - 5 fruits
 n - a slice of pizza
 t - a meat ration


   Skills:
 - Level 1.0 Fighting
 - Level 2.0 Dodging
 - Level 4.8 Unarmed Combat
 - Level 2.0 Spellcasting
 + Level 4.2 Transmutations


You couldn't memorise any spells.
You knew the following spells:

 Your Spells              Type           Power        Failure   Level  Hunger
a - Beastly Appendage     Trmt           ##....       4%          1    #......
b - Spider Form           Trmt/Pois      #.........   30%         3    ###....
c - Ice Form              Ice/Trmt       #.......     87%         4    #####..


Dungeon Overview and Level Annotations

Branches:
Dungeon (4/15)
 Temple: D:4-7

Altars:
Fedhas
Makhleb
Xom


Innate Abilities, Weirdness & Mutations

You cannot wear most types of armour.
You are amphibious.
You can wear up to eight rings at the same time.
You can use your tentacles to constrict eight enemies at once.
Your skin changes colour to match your surroundings (Stealth).
Your rubbery body absorbs attacks (AC +1).
One of your tentacles bears a large vicious spike.


Message History

You kill the orc priest!
Your Transmutations skill increases to level 4!
The orc wizard gestures at you while chanting.
The magic dart hits you!
An orc comes into view. It is wielding a short sword.
The orc shouts!
The orc wizard casts a spell at you. The puff of flame hits you!
* * * LOW HITPOINT WARNING * * *
You tentacle-slap the orc wizard. You grab the orc wizard.
You pierce the orc wizard.
The orc wizard is moderately wounded.
You constrict the orc wizard. The orc wizard misses you.
The orc wizard closely misses you.
An orc comes into view.
You release your grip on the orc wizard.
Your transformation is almost over.
The orc wizard points at you and mumbles some strange words.
The puff of flame hits you!
You die...

#.... #.. #.... #.. #....
#.. #.... ....... #.#
#.... .......##.## #....
#......... ......
.#......#.####### #######
........#@#.....# #...#
###o....#.#.###.# #...#
........#o#.# #.# #...#
#o†%#.#####.####...###
#...#o................
#..).o.............###
#...............######
#........................
#.##...............######


You could see 2 orc wizards and an orc.

Vanquished Creatures
  An orc priest (D:4)
  A worker ant (D:3)
  5 adders
  An ooze (D:1)
  2 worms (D:3)
  7 giant geckos
  5 orcs (D:3)
  A ball python (D:3)
  9 hobgoblins
  7 jackals (D:2)
  6 bats
  2 giant cockroaches
  3 giant newts
  14 goblins
  2 kobolds
  7 rats
73 creatures vanquished.

Notes
Turn   | Place    | Note
--------------------------------------------------------------
     0 | D:1      | Kloppie the Octopode Transmuter began the quest for the Orb.
     0 | D:1      | Reached XP level 1. HP: 13/13 MP: 3/3
   210 | D:1      | Reached XP level 2. HP: 16/18 MP: 3/5
   955 | D:2      | Reached XP level 3. HP: 17/23 MP: 4/6
  1079 | D:2      | Learned a level 3 spell: Spider Form
  1244 | D:2      | Found a blossoming altar of Fedhas.
  1323 | D:2      | Reached skill level 4 in Unarmed Combat
  1751 | D:2      | Reached XP level 4. HP: 15/28 MP: 5/7
  2030 | D:2      | Found a burning altar of Makhleb.
  2352 | D:3      | Found a shimmering altar of Xom.
  2877 | D:3      | Reached XP level 5. HP: 24/33 MP: 6/8
  3500 | D:3      | Learned a level 4 spell: Ice Form
  3959 | D:4      | Killed from afar by an orc wizard

Action                   |  1- 3 |  4- 6 || total
-------------------------+-------+-------++-------
Melee: Unarmed           |    96 |    87 ||   183
 Cast: Beastly Appendage |     5 |     8 ||    13
  Use: Scroll            |       |     6 ||     6
 Stab: Sleeping          |     8 |     6 ||    14
       Distracted        |       |     1 ||     1
  Eat: Chunk             |     3 |     6 ||     9
